 Dungeon Sprint DCSS version 0.19-a0-1401-g902f63d (webtiles) character file.

1791 Leszczynek the Bludgeoner (level 9, 0/129 HPs)
             Began as an Ogre Hunter on Sept 4, 2016.
             Was a Follower of Hepliaklqana.
             Slain by a demonic crawler (7 damage)
             ... in the Dungeon (Sprint I: "Red Sonja").
             The game lasted 00:03:13 (657 turns).

Leszczynek the Bludgeoner (Ogre Hunter)              Turns: 657, Time: 00:03:14

Health: 0/129      AC:  6    Str: 24    XL:     9   Next: 8%
Magic:  9/9        EV: 15    Int: 10    God:    Hepliaklqana [*.....]
Gold:   311        SH:  0    Dex: 13    Spells: 0 memorised, 8 levels left

rFire  . . .     SeeInvis .     l - +0 giant club (curse)
rCold  . . .     Gourm    .     q - +2 robe {Archmagi}
rNeg   . . .     Faith    .     (shield currently unavailable)
rPois  .         Spirit   .     p - +1 hat
rElec  .         Dismiss  .     (no cloak)
rCorr  .         Reflect  .     (gloves unavailable)
MR     .....     Harm     .     (boots unavailable)
Stlth  .......... NoTele   +    (no amulet)
                                (no ring)
                                (no ring)

@: berserking (expiring), very quick
A: unfitting armour, tough skin 1
a: Recall Ancestor, Ancestor Identity, Renounce Religion


You were in the Dungeon.
You worshipped Hepliaklqana.
Hepliaklqana was aware of your devotion.
You were not hungry.

You visited 1 branch You collected 405 gold pieces.
You spent 94 gold pieces at shops.

Inventory:

Hand Weapons
 l - a cursed +0 giant club (weapon)
Missiles
 c - 5 large rocks (quivered)
 d - 2 throwing nets
Armour
 p - a +1 hat (worn)
 q - a +2 robe of the Archmagi (worn)
Scrolls
 k - a scroll of blinking
 o - a scroll of remove curse {unknown}
Potions
 e - a potion of curing
 g - a potion of heal wounds
 h - a potion of haste
 i - 2 potions of magic
 n - a potion of brilliance {unknown}
Comestibles
 f - a bread ration
 m - a beef jerky


   Skills:
 - Level 8.0 Fighting
 + Level 17.7 Maces & Flails
 - Level 8.2 Throwing
 + Level 9.1 Dodging
 - Level 0.7 Stealth


You had 8 spell levels left.
You didn't know any spells.

Dungeon Overview and Level Annotations

Branches:
Dungeon (1/1)

Altars:
Cheibriados
Dithmenos
Elyvilon
Fedhas
Gozag
Hepliaklqana
Kikubaaqudgha
Makhleb
Nemelex Xobeh
Okawaru
Qazlal
Ru
Sif Muna
Trog
Uskayaw
Vehumet
Xom
Yredelemnul
Zin
The Shining One
Jiyva
Lugonu

Shops:
D [


Innate Abilities, Weirdness & Mutations

You are too large for most types of armour.
You have tough skin. (AC +1)


Message History

The demonic crawler is heavily wounded.
The demonic crawler hits you but does no damage.
The demonic crawler hits you!
* * * LOW HITPOINT WARNING * * *
The demonic crawler barely misses you.
You barely miss the demonic crawler.
The demonic crawler is heavily wounded.
You thump the demonic crawler!
The demonic crawler is severely wounded.
The demonic crawler hits you.
* * * LOW HITPOINT WARNING * * *
The demonic crawler hits you!
* * * LOW HITPOINT WARNING * * *
The demonic crawler barely misses you.
You hit the demonic crawler.
The demonic crawler is severely wounded.
The demonic crawler hits you.
* * * LOW HITPOINT WARNING * * *
The demonic crawler hits you!
You die...

##########################
#<.#..'..#..'..#__#..)...#
#..)..#..').#.s'^s'ss#...#
#..#####'#####s#__####...s..#
#..####).#...#@#### #####s.+
#..#__####..##.# +##
#..#_____##'#..+
#⌠⌠#_[∩...'..._#
####_..__##_.#'#
#_____###+#.# ####### ###


You could see 2 demonic crawlers.

Vanquished Creatures
  2 kobold demonologists (D)
  2 demonic crawlers (D)
  A slime creature (D)
  Sigmund (D)
  A yak (D)
  An ogre (D)
  A jelly (D)
  Ijyb (D)
10 creatures vanquished.

Vanquished Creatures (collateral kills)
  A giant eyeball (D)
1 creature vanquished.

Vanquished Creatures (others)
  An ancestor (D)
1 creature vanquished.

Grand Total: 12 creatures vanquished

Notes
Turn   | Place    | Note
-------+----------+-------------------------------------------
     0 | D        | Leszczynek the Ogre Hunter began the quest for the Orb.
     0 | D        | Reached XP level 1. HP: 22/22 MP: 1/1
     1 | D        | Noticed Ijyb
     3 | D        | Killed Ijyb
     3 | D        | Reached skill level 8 in Fighting
     3 | D        | Reached XP level 2. HP: 41/41 MP: 2/2
     3 | D        | Reached XP level 3. HP: 48/48 MP: 3/3
    10 | D        | Noticed an ogre
    14 | D        | Killed an ogre
    14 | D        | Reached skill level 8 in Throwing
    14 | D        | Reached XP level 4. HP: 35/57 MP: 4/4
   137 | D        | Noticed Sigmund
   145 | D        | Killed Sigmund
   145 | D        | Reached skill level 10 in Maces & Flails
   145 | D        | Reached XP level 5. HP: 52/63 MP: 5/5
   145 | D        | Reached XP level 6. HP: 60/72 MP: 6/6
   200 | D        | Found a deep blue altar of Sif Muna.
   202 | D        | Found a radiant altar of Vehumet.
   205 | D        | Reached skill level 11 in Maces & Flails
   239 | D        | Found Yhiclom's Antique Armour Emporium.
   239 | D        | Found an ancient bone altar of Kikubaaqudgha.
   239 | D        | Found a hazy altar of Hepliaklqana.
   239 | D        | Found a stormy altar of Qazlal.
   239 | D        | Found a hide-covered altar of Uskayaw.
   239 | D        | Found a blossoming altar of Fedhas.
   239 | D        | Found a bloodstained altar of Trog.
   239 | D        | Found an iron altar of Okawaru.
   239 | D        | Found a basalt altar of Yredelemnul.
   239 | D        | Found a glowing golden altar of the Shining One.
   239 | D        | Found a snail-covered altar of Cheibriados.
   239 | D        | Found a sacrificial altar of Ru.
   239 | D        | Found a glowing silver altar of Zin.
   239 | D        | Found a shadowy altar of Dithmenos.
   239 | D        | Found a white marble altar of Elyvilon.
   239 | D        | Noticed a yak
   243 | D        | Killed a yak
   243 | D        | Reached skill level 14 in Maces & Flails
   243 | D        | Reached XP level 7. HP: 56/80 MP: 7/7
   244 | D        | Found an opulent altar of Gozag.
   247 | D        | Found a sparkling altar of Nemelex Xobeh.
   251 | D        | Bought a runed hat for 80 gold pieces
   251 | D        | Bought a glowing robe for 14 gold pieces
   329 | D        | Became a worshipper of Hepliaklqana
   340 | D        | Found a burning altar of Makhleb.
   340 | D        | Found a viscous altar of Jiyva.
   340 | D        | Found a shimmering altar of Xom.
   340 | D        | Found a corrupted altar of Lugonu.
   340 | D        | Noticed a slime creature
   346 | D        | Killed a slime creature
   346 | D        | Reached skill level 4 in Dodging
   605 | D        | Noticed a kobold demonologist
   607 | D        | Noticed a kobold demonologist
   607 | D        | Reached skill level 15 in Maces & Flails
   607 | D        | Reached skill level 5 in Dodging
   613 | D        | Killed a kobold demonologist
   613 | D        | Reached skill level 16 in Maces & Flails
   613 | D        | Reached skill level 6 in Dodging
   613 | D        | Reached XP level 8. HP: 79/79 MP: 8/8
   618 | D        | Killed a kobold demonologist
   618 | D        | Reached skill level 7 in Dodging
   625 | D        | Reached * piety under Hepliaklqana
   625 | D        | Noticed a demonic crawler
   625 | D        | Noticed a demonic crawler
   625 | D        | Noticed a demonic crawler
   625 | D        | Noticed a demonic crawler
   645 | D        | Killed a demonic crawler
   645 | D        | Reached skill level 17 in Maces & Flails
   645 | D        | Reached skill level 8 in Dodging
   651 | D        | Killed a demonic crawler
   651 | D        | Reached skill level 9 in Dodging
   651 | D        | Reached XP level 9. HP: 30/86 MP: 9/9
   656 | D        | HP: 8/129 [demonic crawler (7)]
   657 | D        | Slain by a demonic crawler

Vault maps used:
D:        dungeon_sprint_1

Skill      XL: |  1  2  3  4  5  6  7  8 |
---------------+-------------------------+-----
Fighting       | 8 |  8.0
Throwing       | 8 |  8.2
Maces & Flails | 10 14 16 17 | 17.7
Dodging        | 6 9 |  9.1
Stealth        | |  0.7

Action                   |  1- 3 |  4- 6 |  7- 9 || total
-------------------------+-------+-------+-------++-------
Melee: Short sword       |     1 |       |       ||     1
       Giant club        |       |     9 |    34 ||    43
Throw: Large rock        |     5 |     4 |     3 ||    12
  Use: Potion            |       |       |     1 ||     1
Armor: Robe              |       |     1 |    12 ||    13
Dodge: Dodged            |     3 |     5 |    13 ||    21
